 Dungeon Sprint DCSS version 0.29-a0-307-gecccbbdb84 (webtiles) character file.

Game seed: 6108278476245944965

1780 Conn the Arsonist (level 9, -4/56 HPs)
             Began as an Octopode Fire Elementalist on Mar 27, 2022.
             Was a Follower of Sif Muna.
             Slain by a tentacle (20 damage)
             ... attached to a kraken
             ... in the Dungeon (Sprint II: "The Violet Keep of Menkaure").
             The game lasted 00:13:32 (793 turns).

Conn the Arsonist (Octopode Fire Elementalist)       Turns: 793, Time: 00:13:33

Health: -4/56      AC:  5    Str:  7    XL:     9   Next: 8%
Magic:  0/20       EV: 20    Int: 22    God:    Sif Muna [*.....]
Gold:   1036       SH:  0    Dex: 18    Spells: 0/27 levels left

rFire   . . .      SeeInvis .   b - +9 rapier of the Radish {venom, rPois}
rCold   . . .      Faith    .   (no shield)
rNeg    . . .      Spirit   +   (helmet restricted)
rPois   +          Reflect  .   f - amulet of guardian spirit
rElec   .          Harm     .   p - +6 ring of dexterity
rCorr   .          Rampage  .   s - +4 ring of evasion
Will    .....      NoTele   +   t - +4 ring of protection
Stlth   +++++.....              (no ring)
HPRegen 0.18/turn               (no ring)
MPRegen 0.17/turn               (no ring)
                                (no ring)
                                (no ring)

@: very slightly contaminated
A: almost no armour, amphibious, 8 rings, camouflage 1, gelatinous body 1,
(nimble swimmer 1), tentacles, low MP 1
a: Renounce Religion, Channel Magic


You were in the Dungeon.
You worshipped Sif Muna.
Sif Muna was aware of your devotion.
You visited 1 branch You collected 1279 gold pieces.
You spent 243 gold pieces at shops.

Inventory:

Hand Weapons
 b - the +9 rapier of the Radish (weapon) {venom, rPois}
   (You bought it in a shop in the Dungeon)

   It poisons the flesh of those it strikes.
   rPois:     It protects you from poison.
Missiles
 w - 3 curare-tipped darts (quivered)
Jewellery
 f - an amulet of guardian spirit (around mantle)
 p - a +6 ring of dexterity (left tentacle)
 s - a +4 ring of evasion (right tentacle)
 t - a +4 ring of protection (on tentacle)
Scrolls
 e - a scroll of immolation
 h - 2 scrolls of fear {unknown}
 k - 3 scrolls of silence {unknown}
 o - 2 scrolls of amnesia
 q - a scroll of enchant armour
 r - a scroll of enchant weapon
Potions
 a - 3 potions of magic
 c - a potion of degeneration
 j - 5 potions of resistance {unknown}
 l - a potion of ambrosia
 m - 2 potions of attraction {unknown}
 n - a potion of curing
 u - 3 potions of flight {unknown}
 v - a potion of lignification {unknown}


   Skills:
 + Level 3.0 Fighting
 + Level 1.8 Short Blades
 + Level 6.3 Dodging
 + Level 8.3 Stealth
 + Level 9.7 Spellcasting
 * Level 4.9 Conjurations
 + Level 2.2 Hexes
 + Level 13.5 Fire Magic


You couldn't memorise any spells.
You knew the following spells:

 Your Spells              Type           Power      Damage    Failure   Level
a - Foxfire               Conj/Fire      100%       2x1d9     1%          1
b - Conjure Flame         Conj/Fire      50%        6-21      1%          3
c - Inner Flame           Hex/Fire       45%        N/A       1%          3
d - Flame Wave            Conj/Fire      50%        2d10      1%          4
e - Scorch                Fire           100%       2d10      1%          2
f - Iskenderun's Mystic   Conj/Tloc      21%        2d6       22%         4
g - Starburst             Conj/Fire      25%        6d8       22%         6
h - Summon Ice Beast      Ice/Summ       10%        N/A       52%         4

Your spell library contained the following spells:

 Spells                   Type           Power      Damage    Failure   Level
 Slow                     Hex            80%        N/A       2%          1
 Dazzling Flash           Conj/Hex       52%        N/A       4%          3
 Confusing Touch          Hex            20%        N/A       8%          3
 Vampiric Draining        Necr           10%        2d6       19%         3
 Summon Lightning Spire   Summ/Air       10%        N/A       52%         4
 Summon Mana Viper        Hex/Summ       15%        N/A       73%         5
 Monstrous Menagerie      Summ           5%         N/A       100%        7
 Storm Form               Tmut/Air       5%         N/A       100%        7
 Maxwell's Capacitive Co  Air            5%         ∞         100%        8


Dungeon Overview and Level Annotations

Branches:
Dungeon (1/1)

Altars:
Cheibriados
Dithmenos
Elyvilon
Fedhas
Gozag
Hepliaklqana
Kikubaaqudgha
Makhleb
Nemelex Xobeh
Okawaru
Qazlal
Ru
Sif Muna
Trog
Uskayaw
Vehumet
Wu Jian
Xom
Yredelemnul
Zin
The Shining One
Beogh
Jiyva
Lugonu

Shops:
D =(:([:!?=[*!([:

Annotations:
D exclusion: oklob plant


Innate Abilities, Weirdness & Mutations

You cannot wear most types of armour.
You are amphibious.
You can wear up to eight rings at the same time.
Your skin changes colour to match your surroundings (Stealth+).
Your rubbery body absorbs attacks. (AC +1, EV +1)
((You are camouflaged when in or above water. (Stealth+)))
You have tentacles for arms and can constrict up to eight enemies at once.
Your magical capacity is low. (-10% MP)


Message History

The tentacle is engulfed in blazing flames.
Flame seeps out of the kraken.
Flame seeps out of the kraken.
You open the door.
Casting: Inner Flame (safe; 1% risk of failure)
Confirm with . or Enter, or press ? or * to list all spells.
Okay, then.
Unknown command.
Unknown command.
Okay, then.
Unknown command.
Unknown command.
Casting: Inner Flame (safe; 1% risk of failure)
Confirm with . or Enter, or press ? or * to list all spells.
The spell is extremely dangerous to miscast (22% risk of failure)!
Continue anyway?
Casting: Starburst (extremely dangerous; 22% risk of failure)
Press: ? - help, Dir - look around, f - activate You miscast Starburst.
You are very lightly contaminated with residual magic.
You feel uncomfortably hot!!
Flame seeps out of the kraken.
The tentacle slaps you!! The tentacle slaps you!
* * * LOW HITPOINT WARNING * * *
The kraken is engulfed in blazing flames.
Flame seeps out of the kraken.
Okay, then.
Unknown command.
Unknown command.
Unknown command.
Unknown command.
Casting: Starburst (extremely dangerous; 22% risk of failure)
Confirm with . or Enter, or press ? or * to list all spells.
Okay, then.
Unknown command.
Unknown command.
Okay, then.
As you read the scroll labelled NUUNEWAYGOCW, it crumbles to dust.
The air around you briefly surges with heat, but it dissipates.
It was a scroll of immolation.
Flame seeps out of the kraken.
The tentacle slaps you!!
You die...

,,*,*#}:▓▓▓▓▓▓▓▓▓▓▓*+**,*,+≈,,≈+,
,,*,,#))▓........▓▓,,,*,*,+≈,,≈+,
*,*,,#)}▓..[..[.)▓▓,⌠,*^*,+≈,,≈+,
+^##.#)[▓((..)...▓▓,,,*,*,+≈,,≈+,
*...####▓..[....)▓▓,,,*,*,+≈,,≈+,
*#..##.#▓.(.....(▓▓,,,*,*,+≈,,≈+,
,+..#..#▓)....(.[▓▓,,,*,*,+≈,,≈+,
,#..#..#▓(.)[)...▓▓,⌠,*,*,*≈,,≈*,
##..##÷#▓.).....@▓▓,,,*,*,*≈,,≈*,
###...##▓▓▓▓▓▓▓w▓▓▓▓+▓*,***≈,,≈**
..≈≈≈≈≈≈≈≈≈≈≈≈≈.──X≈≈▓,,,,,,,,**
§.≈#'########+###.ww≈▓,,,,,,,**
§.≈#.._.....#§§≈##≈≈(▓,,,,,,**
≈.≈#._._....#≈§≈§####▓****≈**
≈≈≈#_._._...#§§≈≈≈#*,,*,,*≈*
≈≈§#._)_._..#≈≈§≈≈≈*,,*,,*≈*
≈≈≈#_._._._.#≈§§≈§≈+,,+,,*≈*


You could see a kraken (inner flame, very poisoned, slow) and 3 tentacles.

Vanquished Creatures
  A yaktaur (D)
  3 polar bears (D)
  A hornet (D)
  3 neqoxecs (D)
  A water moccasin (D)
  5 scorpions (D)
14 creatures vanquished.

Vanquished Creatures (others)
  A neqoxec (D)
  Menkaure (D)
  A water moccasin (D)
  38 foxfires (D)
  7 tentacles (D)
48 creatures vanquished.

Grand Total: 62 creatures vanquished

Notes
Turn   | Place    | Note
-------+----------+-------------------------------------------
     0 | D        | Conn the Octopode Fire Elementalist began the quest for the
                  | Orb.
     0 | D        | Reached XP level 1. HP: 11/11 MP: 3/3
     1 | D        | Noticed a boulder beetle
     1 | D        | Noticed a boulder beetle
     4 | D        | Noticed a merfolk siren
     7 | D        | Noticed a neqoxec
     7 | D        | Noticed a neqoxec
     7 | D        | Noticed a neqoxec
     7 | D        | Noticed a neqoxec
    10 | D        | Noticed a scorpion
    10 | D        | Noticed a scorpion
    19 | D        | Killed a scorpion
    20 | D        | Reached skill level 6 in Fire Magic
    20 | D        | Reached XP level 2. HP: 17/17 MP: 0/6
    20 | D        | Reached XP level 3. HP: 21/21 MP: 0/8
    20 | D        | Reached XP level 4. HP: 27/27 MP: 0/9
    25 | D        | Killed a scorpion
    26 | D        | Reached skill level 7 in Fire Magic
    26 | D        | Reached XP level 5. HP: 30/31 MP: 0/11
    61 | D        | Reached skill level 5 in Stealth
    61 | D        | Reached skill level 8 in Fire Magic
    70 | D        | Learned a level 3 spell: Conjure Flame
    74 | D        | Learned a level 3 spell: Inner Flame
    79 | D        | Learned a level 4 spell: Flame Wave
    82 | D        | Learned a level 2 spell: Scorch
   108 | D        | Reached skill level 5 in Spellcasting
   108 | D        | Reached skill level 9 in Fire Magic
   108 | D        | Reached XP level 6. HP: 32/37 MP: 0/14
   124 | D        | Found Moupser's Assorted Antiques.
   125 | D        | Found Ysaruxar's Jewellery Emporium.
   125 | D        | Found Dezubumm's Magic Scroll Shoppe.
   126 | D        | Found Puih's Distillery.
   126 | D        | Found Guereghi's Book Emporium.
   126 | D        | Found Dihaa's Antique Armour Shoppe.
   127 | D        | Found Sorhezxa's Antique Weapon Emporium.
   127 | D        | Found Ryant's Book Emporium.
   127 | D        | Found Fiezoli's Distillery.
   128 | D        | Found Lebbux's Antique Armour Shoppe.
   130 | D        | Found Takly's Antique Armour Emporium.
   130 | D        | Found Qiamacw's Antique Weapon Shoppe.
   130 | D        | Noticed a water moccasin
   130 | D        | Noticed an oklob plant
   135 | D        | Found Sauzxuve's Antique Weapon Shoppe.
   135 | D        | Found Qeprungi's Book Shoppe.
   135 | D        | Found Homicoi Gesu's Jewellery Emporium.
   135 | D        | Killed a water moccasin
   136 | D        | Reached skill level 10 in Fire Magic
   140 | D        | Noticed a wyvern
   142 | D        | Noticed a wyvern
   142 | D        | Killed a water moccasin
   161 | D        | Bought a steaming rapier for 243 gold pieces
   161 | D        | Identified the +9 rapier of the Radish {venom, rPois} (You
                  | bought it in a shop in the Dungeon)
   167 | D        | Noticed a fire dragon
   180 | D        | Reached skill level 1 in Fighting
   180 | D        | Reached skill level 5 in Dodging
   185 | D        | Killed Menkaure
   197 | D        | Found a stormy altar of Qazlal.
   197 | D        | Found an ornate altar of the Wu Jian Council.
   198 | D        | Found a hazy altar of Hepliaklqana.
   198 | D        | Found a sacrificial altar of Ru.
   198 | D        | Found a shimmering altar of Xom.
   199 | D        | Found a viscous altar of Jiyva.
   199 | D        | Found a shimmering blue altar of Sif Muna.
   203 | D        | Killed a neqoxec
   204 | D        | Reached skill level 11 in Fire Magic
   204 | D        | Reached XP level 7. HP: 40/43 MP: 2/17
   204 | D        | Found a snail-covered altar of Cheibriados.
   204 | D        | Found an ancient bone altar of Kikubaaqudgha.
   204 | D        | Found a bloodstained altar of Trog.
   205 | D        | Found a shadowy altar of Dithmenos.
   205 | D        | Found a corrupted altar of Lugonu.
   206 | D        | Found a white marble altar of Elyvilon.
   206 | D        | Found a burning altar of Makhleb.
   210 | D        | Killed a neqoxec
   211 | D        | Found a blossoming altar of Fedhas.
   214 | D        | Found an opulent altar of Gozag.
   214 | D        | Found a glowing golden altar of the Shining One.
   214 | D        | Found a basalt altar of Yredelemnul.
   214 | D        | Found a hide-covered altar of Uskayaw.
   214 | D        | Found a sparkling altar of Nemelex Xobeh.
   215 | D        | Found a glowing silver altar of Zin.
   215 | D        | Found a radiant altar of Vehumet.
   215 | D        | Found an iron altar of Okawaru.
   223 | D        | Gained mutation: Your magical capacity is low. (-10% MP) [a
                  | neqoxec]
   224 | D        | Killed a neqoxec
   230 | D        | Became a worshipper of Sif Muna the Loreminder
   234 | D        | Noticed a hornet
   234 | D        | Noticed a polar bear
   234 | D        | Noticed a yaktaur
   237 | D        | Noticed a polar bear
   238 | D        | Noticed a polar bear
   240 | D        | Killed a polar bear
   240 | D        | Killed a polar bear
   241 | D        | Reached skill level 1 in Short Blades
   241 | D        | Reached skill level 1 in Hexes
   241 | D        | Reached skill level 12 in Fire Magic
   241 | D        | Reached XP level 8. HP: 37/51 MP: 9/18
   246 | D        | Paralysed by a hornet for 1 turns
   247 | D        | Noticed a flying skull
   247 | D        | Noticed a flying skull
   250 | D        | Killed a hornet
   250 | D        | Reached * piety under Sif Muna
   252 | D        | Killed a yaktaur
   253 | D        | Reached skill level 13 in Fire Magic
   256 | D        | Killed a polar bear
   257 | D        | Reached XP level 9. HP: 13/56 MP: 6/20
   519 | D        | Noticed a kraken
   646 | D        | Learned a level 4 spell: Iskenderun's Mystic Blast
   653 | D        | Learned a level 6 spell: Starburst
   658 | D        | Learned a level 4 spell: Summon Ice Beast
   674 | D        | Identified a scroll of acquirement
   674 | D        | Acquired 866 gold pieces
   793 | D        | Slain by a tentacle

Illustrated notes

Levels and vault maps discovered:
D:        the_violet_keep_of_menkaure [sprint2_stairs_cluster_1,
          sprint2_shoproom, sprint2_temple, sprint2_basic_supplies,
          sprint2_obstacle_7, sprint2_obstacle_3, sprint2_obstacle_1,
          sprint2_obstacle_4, sprint2_obstacle_5, sprint2_timed_cluster_1,
          sprint2_smallroom_cluster_1, sprint2_smallroom_final_cluster_1,
          sprint2_transparent_cluster_1, sprint2_second_timed_cluster_1,
          sprint2_sniper_area_1, sprint2_heavy_combat_area_1,
          sprint2_mutation_trap_area_1, sprint2_forest_area_1,
          sprint2_light_combat_area_1, sprint2_behind_water_1,
          sprint2_near_end_vault_1]

Skill      XL: |  1  2  3  4  5  6  7  8 |
---------------+-------------------------+-----
Dodging        | 3 4 5 6 |  6.3
Stealth        | 4 5 7 8 |  8.3
Spellcasting   | 3 4 5 6 8 9 |  9.7
Fire Magic     | 6 7 9 11 12 13 | 13.5
Conjurations   | 2 3 4 |  4.9
Fighting       | 1 2 3 |  3.0
Short Blades   | 1 |  1.8
Hexes          | 1 2 |  2.2

Action                   |  1- 3 |  4- 6 |  7- 9 || total
-------------------------+-------+-------+-------++-------
Melee: Unarmed           |     2 |     8 |       ||    10
       Constrict         |     1 |     2 |     1 ||     4
       Tentacles         |       |     1 |     1 ||     2
       Rapier            |       |     2 |     5 ||     7
       Punch             |       |       |     1 ||     1
Throw: Dart              |       |       |     3 ||     3
 Cast: Foxfire           |     3 |    10 |    11 ||    24
       Scorch            |       |     4 |     4 ||     8
       Inner Flame       |       |     1 |     8 ||     9
       Flame Wave        |       |       |     4 ||     4
       Summon Ice Beast  |       |       |     1 ||     1
  Use: Potion            |     2 |     2 |     3 ||     7
       Scroll            |       |       |    10 ||    10
 Stab: Sleeping          |       |     1 |       ||     1
Armor: Skin              |       |     1 |       ||     1
Dodge: Dodged            |       |     8 |     4 ||    12

Table legend: (Time is in decaauts)
 A = Elapsed time spent in this place.
 B = Non-inter-level travel time spent in this place.
 C = Inter-level travel time spent in this place.
 D = Time resting spent in this place.
 E = Time spent auto-exploring this place.
 F = Levels seen in this place.
 G = Mean time per level.
                   A        B        C        D        E       F      G
               +--------+--------+--------+--------+--------+-----+--------+
         Total |    782 |    782 |      0 |    277 |      0 |   1 |  782.0 |
       Dungeon |    782 |    782 |      0 |    277 |      0 |   1 |  782.0 |
               +--------+--------+--------+--------+--------+-----+--------+

Top non-repeatable levels by time:
       D: 782 daAuts
